 Dungeon Crawl Stone Soup version 0.25-a0-547-g27a0b5d1ef (webtiles) character file.

Game seed: 16786680329024268510, levelgen mode: deterministic

5812 vurker the Summoner (level 10, 47/47 HPs)
             Began as a Felid Summoner on Feb 20, 2020.
             Was an Elder of Sif Muna.
             Quit the game on level 3 of the Lair of Beasts on Feb 21, 2020.
             The game lasted 00:47:46 (21482 turns).

vurker the Summoner (Felid Summoner)               Turns: 21482, Time: 00:47:47

Health: 47/47      AC:  2    Str:  4    XL:     10   Next: 50%
Magic:  24/24      EV: 18    Int: 23    God:    Sif Muna [****..]
Gold:   747        SH:  0    Dex: 17    Spells: 16/28 levels left
                                        Lives:  1   Deaths: 2

rFire    + . .     SeeInvis +   (weapon unavailable)
rCold    . . .     Gourm    .   (shield unavailable)
rNeg     . . .     Faith    .   (armour unavailable)
rPois    .         Spirit   .   (helmet unavailable)
rElec    .         Reflect  .   (cloak unavailable)
rCorr    .         Harm     .   (gloves unavailable)
MR       +....                  (boots unavailable)
Stlth    +++.......             r - amulet of regeneration
HPRegen  0.55/turn              i - +3 ring of intelligence
MPRegen  0.19/turn              y - ring of protection from fire

@: quick
A: very small, no armour, no weapons or thrown items, stealth, claws 1, fangs 3,
horns 1, see invisible, carnivore, speed 1, screaming 1, shaggy fur 2, slow
metabolism 1, wild magic 2, sharp paws
a: Channel Magic, Forget Spell, Divine Exegesis, Renounce Religion


You were on level 3 of the Lair of Beasts.
You worshipped Sif Muna.
Sif Muna was greatly pleased with you.
You were not hungry.

You visited 3 branches of the dungeon, and saw 15 of its levels.
You also visited: Sewer.

You collected 801 gold pieces.
You spent 54 gold pieces at shops.

Inventory:

Jewellery
 i - a +3 ring of intelligence (left paw)
   (You found it on level 6 of the Dungeon)
 r - an amulet of regeneration (around neck)
   (You found it on level 10 of the Dungeon)
 y - a ring of protection from fire (right paw)
   (You found it on level 11 of the Dungeon)
Wands
 b - a wand of scattershot (9)
   (You took it off Maurice on level 10 of the Dungeon)
 c - a wand of disintegration (22)
   (You found it on level 9 of the Dungeon)
 d - a wand of iceblast (12)
   (You found it on level 8 of the Dungeon)
 f - a wand of clouds (2)
   (You found it on level 7 of the Dungeon)
 t - a wand of flame (40)
   (You took it off Robin on level 2 of the Dungeon)
 v - a wand of digging (10)
   (You found it on level 6 of the Dungeon)
Scrolls
 g - 3 scrolls of fog
 k - 11 scrolls of remove curse
 l - 3 scrolls of magic mapping
 o - a scroll of fear
 p - 3 scrolls of blinking
 A - 3 scrolls of teleportation
Potions
 a - 3 potions of heal wounds
 h - 2 potions of magic
 m - 2 potions of haste
 n - 3 potions of lignification
 q - 7 potions of flight
 w - 2 potions of ambrosia
 x - 4 potions of brilliance
 z - a potion of invisibility
Miscellaneous
 s - a fan of gales
   (You found it on level 10 of the Dungeon)
 B - a crystal ball of energy
   (You found it on level 2 of the Lair of Beasts)
Comestibles
 e - 33 rations
 j - 11 chunks of flesh


   Skills:
 + Level 7.3 Fighting
 - Level 2.6 Dodging
 - Level 2.6 Stealth
 * Level 9.8 Spellcasting
 * Level 11.2 Summonings
 + Level 6.1 Invocations
 + Level 7.3 Evocations


You had 16 spell levels left.
You knew the following spells:

 Your Spells              Type           Power        Failure   Level  Hunger
a - Summon Ice Beast      Ice/Summ       ######..     14%         4    ##.....
b - Call Canine Familiar  Summ           #######.     1%          3    None
c - Summon Lightning Spi  Summ/Air       ######..     14%         4    ##.....
o - Summon Small Mammal   Summ           ####         1%          1    None

Your spell library contained the following spells:

 Spells                   Type           Power        Failure   Level  Hunger
 Call Imp                 Summ           #######.     1%          2    None
 Summon Guardian Golem    Hex/Summ       ######..     6%          3    None
 Beastly Appendage        Tmut           ###...       14%         1    None
 Corona                   Hex            ###....      14%         1    None
 Freeze                   Ice            ###.         14%         1    None
 Slow                     Hex            ###.....     19%         2    None
 Sticks to Snakes         Tmut           ###.....     19%         2    None
 Frozen Ramparts          Ice            ###...       32%         3    None
 Inner Flame              Hex/Fire       ###.....     32%         3    None
 Ozocubu's Armour         Chrm/Ice       ###.....     32%         3    None
 Spider Form              Tmut/Pois      ###.......   32%         3    None
 Cause Fear               Hex            ###.......   67%         4    ##.....
 Hailstorm                Conj/Ice       ###.....     67%         4    ##.....
 Ice Form                 Ice/Tmut       ###.....     67%         4    ##.....
 Leda's Liquefaction      Hex/Erth       ###.......   67%         4    ##.....
 Blade Hands              Tmut           ###.......   93%         5    ####...
 Portal Projectile        Hex/Tloc       Unusable     N/A         3    N/A

Dungeon Overview and Level Annotations

Branches:
Dungeon (11/15)            Temple (1/1) D:6            Lair (3/6) D:11
  Swamp (0/4) Lair:2       Spider (0/4) Lair:2          Orc (0/2) D:9
  Sewer (visited)

Altars:
Ashenzari
Cheibriados
Elyvilon
Fedhas
Gozag
Hepliaklqana
Kikubaaqudgha
Makhleb
Okawaru
Qazlal
Ru
Sif Muna
Trog
Uskayaw
Vehumet
Wu Jian
Xom
Yredelemnul
Zin
The Shining One

Shops:
D:4 (}   D:5 [*[[:

Annotations:
D:9 1 runed translucent door, EnegeticOcto's ghost, novice DDFi
Lair:1 1 runed translucent door, Gupuacea's ghost, journeyman GrFi
Lair:3 Gastronok


Innate Abilities, Weirdness & Mutations

You cannot wear armour.
You are incapable of wielding weapons or throwing items.
Your paws allow you to move quietly. (Stealth)
You have sharp claws.
You have razor-sharp teeth.
You have supernaturally acute eyesight. (SInv)
You are carnivorous and can eat meat at any time.
You cover ground quickly.
You are covered in thick fur. (AC +2)
You have a slow metabolism.
Your sharp claws are effective at attacking unaware monsters.
You have a pair of small horns on your head.
You occasionally shout uncontrollably at your foes.
Your spells are harder to cast, but more powerful.


Message History

You are very lightly contaminated with residual magic.
You hear a whooshing sound.
A chill wind blows around you. A chill wind blows around you.
Gastronok mumbles some strange words.
Gastronok puts on a burst of speed!
An electric hum fills the air.
What are your orders? t - Meow!
Orders for allies: a - Attack new target. r - Retreat! s - Stop attacking. g - Guard the area. f - Follow me.
Anything else - Cancel.
Gang up on whom?
Aim: Gastronok, wearing a +0 hat of see invisible (covering ground quickly) Attack!
Gastronok bites your ice beast!!
Your ice beast hits Gastronok.
Your ice beast freezes Gastronok!
Your ice beast hits Gastronok but does no damage.
Gastronok bites your ice beast!!!
Your ice beast dies!
Gastronok gurgles, "It's true, you are what you eat."
Your ice beast hits Gastronok but does no damage.
Your ice beast hits Gastronok.
Your ice beast freezes Gastronok!
Gastronok waves his eye-stalks in wide circles.
The air twists around and strikes you!!
Your ice beast hits Gastronok.
Your ice beast freezes Gastronok!
Your ice beast hits Gastronok.
Your ice beast freezes Gastronok!
Gastronok looks at you while chanting.
Your ice beast seems to slow down.
Your ice beast hits Gastronok but does no damage.
Gastronok bites your ice beast.
Your ice beast hits Gastronok.
Your ice beast freezes Gastronok!
Your ice beast hits Gastronok but does no damage.
Gastronok completely misses your ice beast.
Your ice beast hits Gastronok.
Your ice beast freezes Gastronok!!
Gastronok glows a brilliant shade of cerise.
A chill wind blows around you.
Your ice beast hits Gastronok.
Your ice beast freezes Gastronok!
A chill wind blows around you. The yak completely misses you.
Gastronok waves his eye-stalks in wide circles.
The air twists around and strikes you!!
Ouch! That really hurt!
* * * LOW HITPOINT WARNING * * *
Your ice beast hits Gastronok.
Your ice beast freezes Gastronok!!
Your ice beast closely misses the yak.
Your lightning spire disappears in a puff of smoke!
The yak gores you!
You die...
You are now level 10!
You rejoin the land of the living...

##.###
....#
#..##
#<.#
##.##
#...#
#...#
##..#
#@##
#.#
..#
##..
#.#
#.#
#.#
#..


There were no monsters in sight!

Vanquished Creatures
  Harold (D:10)
  A two-headed ogre (D:11)
  A manticore (D:11)
  Maurice (D:10)
  A queen bee (D:10)
  A hornet (D:7)
  A swamp worm (Lair:2)
  A sky beast (D:10)
  An ogre (D:5)
  4 wolves
  A bullfrog (D:10)
  7 killer bees (D:10)
  A crimson imp (D:6)
  A howler monkey (D:6)
  An orc wizard (D:10)
  A bullfrog skeleton (D:4)
  A centaur skeleton (D:10)
  Natasha (D:4)
  A worker ant (D:7)
  Robin (D:2)
  2 adders
  2 gnolls (D:5)
  4 dart slugs
  A leopard gecko (D:11)
  An orc (D:5)
  4 bats
  2 giant cockroaches
  3 goblins
  3 hobgoblins
  A ball python skeleton (D:5)
  2 frilled lizards
  A kobold (D:2)
  4 rats
59 creatures vanquished.

Vanquished Creatures (collateral kills)
  2 hydras
  A two-headed ogre (D:11)
  A lindwurm (Lair:3)
  A cyclops (D:11)
  A manticore (D:11)
  A black mamba (Lair:3)
  Maggie (Lair:2)
  4 spiny frogs
  A hornet (D:9)
  A polar bear (Lair:2)
  3 blink frogs (Lair:2)
  3 tyrant leeches (Lair:2)
  4 hippogriffs
  3 wyverns
  19 yaks
  3 basilisks
  Grum (D:10)
  3 hungry ghosts (D:10)
  2 soldier ants (D:8)
  A swamp worm (Lair:2)
  2 water moccasins
  8 porcupines
  5 orc warriors
  An eye of draining (D:9)
  3 ice beasts
  A black bear (Lair:2)
  A phantom (D:6)
  4 wolves (D:11)
  6 ogres
  4 centaurs
  8 crocodiles
  3 big kobolds (Sewer)
  6 bullfrogs
  5 scorpions
  2 wyvern zombies
  23 killer bees
  4 crimson imps
  2 bullfrog zombies
  2 jellies (D:5)
  4 hounds
  2 quasits
  A bullfrog skeleton (D:6)
  11 orc wizards
  3 centaur skeletons
  A gnoll shaman (D:5)
  2 iguanas (D:5)
  Jessica (D:2)
  Natasha (D:4)
  9 worker ants
  2 hound zombies
  A hound skeleton (D:5)
  3 gnolls (D:5)
  2 river rats
  14 adders
  A shadow imp (D:10)
  2 oozes
  5 worms
  7 leopard geckos
  36 orcs
  A ball python (Sewer)
  3 bats
  4 giant cockroaches (Lair:2)
  10 goblins
  7 hobgoblins
  3 jackals (D:4)
  7 kobolds
  2 quokkas
  A frilled lizard (D:1)
  A leopard gecko zombie (D:5)
  4 rats
  2 plants (D:11)
299 creatures vanquished.

Vanquished Creatures (others)
  4 fungi
4 creatures vanquished.

Grand Total: 362 creatures vanquished

Notes
Turn   | Place    | Note
-------+----------+-------------------------------------------
     0 | D:1      | vurker the Felid Summoner began the quest for the Orb.
     0 | D:1      | Reached XP level 1. HP: 7/7 MP: 4/4
   480 | D:1      | Reached XP level 2. HP: 10/12 MP: 4/6
  1201 | D:2      | Reached skill level 1 in Fighting
  1232 | D:2      | Learned a level 2 spell: Call Imp
  1241 | D:2      | Found a basalt altar of Yredelemnul.
  1247 | D:2      | Noticed Robin
  1264 | D:2      | Reached XP level 3. HP: 15/15 MP: 1/7
  1272 | D:2      | Killed Robin
  1839 | D:2      | Found an opulent altar of Gozag.
  1998 | D:2      | Found a sacrificial altar of Ru.
  2172 | D:2      | Noticed Jessica
  2186 | D:2      | Killed Jessica
  2479 | D:3      | Reached XP level 4. HP: 4/19 MP: 3/9
  2729 | D:3      | Found a glowing drain.
  2764 | Sewer    | Entered a sewer
  2868 | Sewer    | Noticed a big kobold
  2875 | Sewer    | Noticed a big kobold
  2889 | Sewer    | Killed a big kobold
  2889 | Sewer    | Reached skill level 5 in Summonings
  2908 | Sewer    | Killed a big kobold
  2908 | Sewer    | Reached XP level 5. HP: 22/22 MP: 3/11
  2913 | Sewer    | Learned a level 3 spell: Call Canine Familiar
  2918 | Sewer    | Learned a level 4 spell: Summon Lightning Spire
  3805 | D:3      | Found an ancient bone altar of Kikubaaqudgha.
  4475 | D:3      | Gained mutation: You are covered in thick fur. (AC +2)
                  | [Felid growth]
  4475 | D:3      | Reached XP level 6. HP: 14/27 MP: 10/12
  4681 | D:3      | Found a white marble altar of Elyvilon.
  6191 | D:4      | Found Peellock's Gadget Shoppe.
  6404 | D:4      | Noticed Natasha
  6414 | D:4      | Killed Natasha
  6414 | D:4      | Reached skill level 1 in Evocations
  6486 | D:4      | Found Qegurier's Weapon Shop.
  6589 | D:4      | Noticed Natasha
  6662 | D:4      | HP: 1/27 [Natasha/magic dart (8)]
  6663 | D:4      | Killed Natasha
  7070 | D:4      | Found Qegurier's Weapon Shop.
  7277 | D:4      | Found Peellock's Gadget Shoppe.
  7481 | D:5      | Entered Level 5 of the Dungeon
  7510 | D:5      | Reached skill level 6 in Summonings
  7703 | D:5      | Found Kyirerin's Book Shop.
  7756 | D:5      | Reached XP level 7. HP: 20/30 MP: 2/14
  8405 | D:5      | Found Isewniaw's Antique Armour Shoppe.
  8571 | D:5      | Found a shattered altar of Ashenzari.
  8571 | D:5      | Found a bloodstained altar of Trog.
  8785 | D:5      | Found Wiusuc's Antique Armour Boutique.
  8824 | D:5      | Found Egupon's Assorted Antiques.
  8832 | D:5      | Bought a scroll of identify for 54 gold pieces
  9293 | D:5      | Found Saystiul's Antique Armour Emporium.
  9553 | D:6      | Reached skill level 5 in Spellcasting
  9959 | D:6      | Reached XP level 8. HP: 24/35 MP: 14/17
 10163 | D:6      | Found a staircase to the Ecumenical Temple.
 10178 | D:6      | Reached skill level 7 in Summonings
 10189 | Temple   | Entered the Ecumenical Temple
 10278 | Temple   | Became a worshipper of Sif Muna the Loreminder
 10352 | D:6      | Found a hide-covered altar of Uskayaw.
 10459 | D:6      | Found a shimmering altar of Xom.
 10685 | D:6      | Found a blossoming altar of Fedhas.
 10880 | D:7      | Noticed a hippogriff
 10897 | D:7      | Killed a hippogriff
 10962 | D:7      | Reached skill level 1 in Invocations
 11095 | D:7      | Noticed a hornet
 11118 | D:7      | Killed a hornet
 11352 | D:7      | Found a burning altar of Makhleb.
 12238 | D:8      | Reached * piety under Sif Muna
 12864 | D:9      | Found an iron altar of Okawaru.
 12887 | D:9      | Noticed a hornet
 12907 | D:9      | Killed a hornet
 13095 | D:9      | Found a staircase to the Orcish Mines.
 13119 | D:9      | Reached skill level 8 in Summonings
 13119 | D:9      | Reached XP level 9. HP: 39/39 MP: 10/19
 13229 | D:9      | Found a runed translucent door.
 13300 | D:9      | Noticed a stone giant
 13300 | D:9      | Noticed EnegeticOcto's ghost (novice DDFi)
 13446 | D:9      | Found a hazy altar of Hepliaklqana.
 13899 | D:10     | Entered Level 10 of the Dungeon
 14123 | D:10     | Noticed Maurice
 14308 | D:9      | Found a stormy altar of Qazlal.
 14310 | D:9      | HP: 2/40 [poisoned by a killer bee]
 14561 | D:10     | HP: 1/40 [killer bee (8)]
 14601 | D:10     | Slain by a killer bee
 14602 | D:10     | Reached XP level 8. HP: -4/36 MP: 4/19
 14605 | D:10     | Reached ** piety under Sif Muna
 14613 | D:10     | Reached skill level 5 in Fighting
 14660 | D:10     | Killed a hippogriff
 15147 | D:10     | Noticed a queen bee
 15160 | D:10     | Reached skill level 5 in Evocations
 15160 | D:10     | Reached XP level 9. HP: 40/40 MP: 16/21
 15160 | D:10     | Killed Maurice
 15160 | D:10     | Reached skill level 9 in Summonings
 15162 | D:10     | Killed a queen bee
 16193 | D:10     | Noticed Harold
 16210 | D:10     | Killed Harold
 16219 | D:10     | Noticed Grum
 16229 | D:10     | Killed Grum
 16229 | D:10     | Reached XP level 10. HP: 45/45 MP: 8/23
 16234 | D:10     | Reached *** piety under Sif Muna
 16490 | D:10     | Learned a level 4 spell: Summon Ice Beast
 16932 | D:11     | Noticed a manticore
 16940 | D:11     | Killed a manticore
 17544 | D:11     | Noticed a two-headed ogre
 17549 | D:11     | Killed a two-headed ogre
 17549 | D:11     | Reached skill level 10 in Summonings
 17666 | D:11     | Reached skill level 5 in Invocations
 17825 | D:11     | Found a staircase to the Lair.
 17842 | D:11     | Noticed a cyclops
 17871 | D:11     | Killed a cyclops
 18030 | D:11     | Noticed a two-headed ogre
 18035 | D:11     | Noticed a manticore
 18081 | D:11     | Killed a two-headed ogre
 18085 | D:11     | Killed a manticore
 18459 | Lair:1   | Entered Level 1 of the Lair of Beasts
 18591 | Lair:1   | Found a runed translucent door.
 18591 | Lair:1   | Noticed Gupuacea's ghost (journeyman GrFi)
 18594 | Lair:1   | Noticed a seven-headed hydra
 18619 | Lair:1   | Killed a seven-headed hydra
 18866 | Lair:1   | Noticed a spiny frog
 18877 | Lair:1   | Noticed a spiny frog
 18878 | Lair:1   | Killed a spiny frog
 18878 | Lair:1   | Reached XP level 11. HP: 49/49 MP: 14/25
 19141 | Lair:1   | Reached **** piety under Sif Muna
 19561 | Lair:2   | Noticed Maggie
 19775 | Lair:2   | Found a hole to the Spider Nest.
 19991 | Lair:2   | Killed Maggie
 20066 | Lair:2   | Gained mutation: Your system is resistant to poisons.
                  | (rPois) [potion of mutation]
 20066 | Lair:2   | Gained mutation: You occasionally shout uncontrollably at
                  | your foes. [potion of mutation]
 20066 | Lair:2   | Gained mutation: Your magical capacity is low. (-10% MP)
                  | [potion of mutation]
 20066 | Lair:2   | Gained mutation: Your spells are a little harder to cast,
                  | but a little more powerful. [potion of mutation]
 20067 | Lair:2   | Lost mutation: Your magical capacity is low. (-10% MP)
                  | [potion of mutation]
 20067 | Lair:2   | Lost mutation: Your system is resistant to poisons. (rPois)
                  | [potion of mutation]
 20067 | Lair:2   | Gained mutation: Your spells are harder to cast, but more
                  | powerful. [potion of mutation]
 20067 | Lair:2   | Gained mutation: You have a pair of small horns on your
                  | head. [potion of mutation]
 20860 | Lair:2   | Found a staircase to the Swamp.
 21029 | Lair:2   | Upgraded the game from 0.25-a0-544-gee0576305d to
                  | 0.25-a0-547-g27a0b5d1ef
 21030 | Lair:3   | Noticed a lindwurm
 21037 | Lair:3   | Killed a lindwurm
 21037 | Lair:3   | Reached skill level 11 in Summonings
 21060 | Lair:3   | Noticed a seven-headed hydra
 21224 | Lair:3   | Noticed Gastronok
 21376 | Lair:3   | Killed a seven-headed hydra
 21481 | Lair:3   | Mangled by a yak
 21482 | Lair:3   | Reached XP level 10. HP: -12/47 MP: 5/24
 21482 | Lair:3   | Quit the game

Levels and vault maps discovered:
D:1:      nzn_arrival_crosshair, layout_loops_ring, minmay_hexomino_u4
D:2:      layout_basic, grunt_gozag_breadcrumbs, lemuel_round_altar,
          nicolae_ru_sacrificial_ziggurat, uniq_robin, uniq_jessica
D:3:      layout_basic, elyvilon_altar_3, kiku_gazebo_garden_becter,
          cheibrodos_sewer_entry_sluice, minmay_pentangle
D:4:      layout_basic, serial_shops, kennysheep_little_box, shop, first_ration,
          uniq_natasha
D:5:      layout_loops_ring, gammafunk_temple_overflow_elements, serial_shops,
          shop, shop, nicolae_shop_statue_plus, shop_statue,
          nicolae_shop_window_shopping
D:6:      layout_rooms, lemuel_coloured_pillars_altar, xom_butterflies,
          kennysheep_mini_moat, minmay_temple_entry_sparse_star, serial_glass,
          glass_columns_b, glass_columns_a, glass_columns_a, glass_columns_a,
          glass_columns_a, nicolae_underground_beach
D:7:      layout_loops_ring, overflow_temple_1_default
D:8:      layout_rooms, hangedman_pestilent_swarm
D:9:      layout_roguey, nicolae_overflow_hidden_temple, david_orc_2,
          ebering_ghost_inner_flame, okawaru_ov_weapons_minmay
D:10:     layout_roguey [special_room_bee], uniq_harold, uniq_maurice, uniq_grum
D:11:     layout_cave_pods, minmay_lair_entry_grove
Temple:   jpeg_temple_island
Lair:1:   layout_regular_city, hellmonk_ghost_happy_afterlife
Lair:2:   layout_chaotic_city, minmay_swamp_entry_worms,
          nicolae_spider_entry_non_spiders, uniq_maggie
Lair:3:   layout_loops_ring, chequers_serial_rivers_micro_b,
          serial_bayou_shore_b, serial_bayou_shore_b, uniq_gastronok

Skill      XL: |  1  2  3  4  5  6  7  8  9 10 11 |
---------------+----------------------------------+-----
Fighting       | 1 2 3 5 6 7 |  7.3
Spellcasting   | 3 4 5 7 8 9 |  9.8
Summonings     | 5 6 8 9 10 11 | 11.2
Evocations     | 1 2 5 6 7 |  7.3
Invocations    | 3 4 5 6 |  6.1
Dodging        | |  2.6
Stealth        | |  2.6

Action                   |  1- 3 |  4- 6 |  7- 9 | 10-12 || total
-------------------------+-------+-------+-------+-------++-------
Melee: Unarmed           |    85 |    85 |   203 |    48 ||   421
       Bite              |     8 |     4 |    11 |     3 ||    26
       Headbutt          |       |       |       |     1 ||     1
 Cast: Summon Small Mamm |    20 |       |       |       ||    20
       Call Imp          |    19 |    73 |    84 |       ||   176
       Call Canine Famil |       |    26 |    59 |     6 ||    91
       Summon Lightning  |       |       |    46 |    66 ||   112
       Summon Ice Beast  |       |       |       |    65 ||    65
Invok: Channel Magic     |       |       |       |     2 ||     2
Evoke: Wand              |       |     1 |     9 |     2 ||    12
  Use: Scroll            |       |     4 |    16 |     6 ||    26
       Potion            |       |       |     5 |     2 ||     7
 Stab: Sleeping          |     8 |     3 |     6 |       ||    17
       Distracted        |     1 |     1 |     3 |       ||     5
  Eat: Chunk             |    11 |    13 |    20 |    25 ||    69
       Ration            |       |       |     1 |       ||     1
Armor: Skin              |     3 |    17 |    37 |     5 ||    62
Dodge: Dodged            |    57 |   122 |   285 |    70 ||   534

Table legend:
 A = Non-vault XP
 B = Vault XP
 C = Vault XP percentage of total XP
 D = Non-vault monster count
 E = Vault monster count
 F = Vault count percentage of total count
                 A         B        C        D         E       F
            +---------+---------+-------+---------+---------+-------
      Total |   13268 |    5047 |  27.6 |     238 |     118 |  33.1
            +---------+---------+-------+---------+---------+-------
        D:1 |      23 |       6 |  20.7 |      12 |       4 |  25.0
        D:2 |      25 |      40 |  61.5 |      13 |      13 |  50.0
        D:3 |      57 |      47 |  45.2 |      13 |      12 |  48.0
        D:4 |     190 |      18 |   8.7 |      11 |       1 |   8.3
        D:5 |     388 |       0 |   0.0 |      30 |       0 |   0.0
        D:6 |     655 |       0 |   0.0 |      21 |       0 |   0.0
        D:7 |     589 |       0 |   0.0 |      18 |       0 |   0.0
        D:8 |     152 |     185 |  54.9 |       9 |       4 |  30.8
        D:9 |     345 |     180 |  34.3 |       5 |       8 |  61.5
       D:10 |    1784 |    2587 |  59.2 |      35 |      31 |  47.0
       D:11 |    3324 |     861 |  20.6 |      26 |      13 |  33.3
     Lair:1 |    2398 |       0 |   0.0 |      20 |       0 |   0.0
     Lair:2 |    1654 |     927 |  35.9 |      14 |      14 |  50.0
     Lair:3 |    1684 |       0 |   0.0 |      11 |       0 |   0.0
      Sewer |       0 |     196 | 100.0 |       0 |      18 | 100.0
            +---------+---------+-------+---------+---------+-------
